 Dungeon Crawl Stone Soup version 0.21.0-3-g78d12a8bdd (webtiles) character file.

580 NullDivider the Ducker (level 7, -3/37 HPs)
             Began as a Spriggan Artificer on Jan 9, 2018.
             Killed from afar by an orc wizard (6 damage)
             ... with a magic dart
             ... on level 4 of the Dungeon.
             The game lasted 00:21:19 (4133 turns).

NullDivider the Ducker (Spriggan Artificer)         Turns: 4133, Time: 00:21:19

Health: -3/37      AC:  5    Str: 12    XL:     7   Next: 13%
Magic:  11/11      EV: 21    Int: 15    God:
Gold:   222        SH:  0    Dex: 18    Spells: 6/6 levels left

rFire    . . .     SeeInvis +   q - +1 short sword (drain)
rCold    . . .     Gourm    .   (shield restricted)
rNeg     . . .     Faith    .   b - +0 robe
rPois    .         Spirit   .   h - +1 hat
rElec    .         Reflect  .   r - +0 cloak
rCorr    .         Harm     .   (gloves unavailable)
MR       +....                  (boots unavailable)
Stlth    +++.......             (no amulet)
HPRegen  0.12/turn              s - +4 ring of strength
MPRegen  0.12/turn              (no ring)

@: very quick
A: very small, unfitting armour, thin metallic scales 1, see invisible, clever
1, deformed body, herbivore, speed 3, slow metabolism 2
a: no special abilities


You were on level 4 of the Dungeon.
You were very hungry.

You visited 1 branch of the dungeon, and saw 4 of its levels.

You collected 222 gold pieces.

Inventory:

Hand Weapons
 q - a +1 short sword of draining (weapon)
Armour
 b - a +0 robe (worn)
 h - a +1 hat (worn)
 r - a +0 cloak (worn)
Jewellery
 s - a +4 ring of strength (left hand)
Wands
 c - a wand of flame (21)
 d - a wand of enslavement (9)
 e - a wand of random effects (15)
Scrolls
 a - 3 scrolls of teleportation
 i - 2 scrolls of enchant armour {unknown}
 j - a scroll of blinking {unknown}
 l - a scroll of remove curse {unknown}
 m - a scroll of amnesia {unknown}
 n - 4 scrolls of fear
 p - a scroll of enchant weapon {unknown}
Potions
 g - a potion of brilliance {unknown}
 k - 6 potions of curing
Comestibles
 f - 9 rations


   Skills:
 * Level 3.8 Fighting
 + Level 3.7 Short Blades
 + Level 5.8 Dodging
 + Level 5.5 Stealth
 - Level 4.1 Evocations


You had 6 spell levels left.
You didn't know any spells.

Dungeon Overview and Level Annotations

Branches:
Dungeon (4/15)
 Temple: D:4-7

Altars:
Vehumet
Wu Jian
Xom


Innate Abilities, Weirdness & Mutations

You are very small and have problems with some larger weapons.
You are too small for most types of armour.
You have supernaturally acute eyesight. (SInv)
You are a herbivore.
You cover ground extremely quickly.
You need consume almost no food.
You are partially covered in thin metallic scales. (AC +2)
Your mind is acute. (Int +2)
Armour fits poorly on your strangely shaped body.


Message History

The orc wizard is almost dead.
The orc wizard gestures at you while chanting.
The magic dart hits you!
The orc wizard gestures at you while chanting.
The puff of flame hits you!
* * * LOW HITPOINT WARNING * * *
Evoke which item? (* to show all) (? for menu, Esc to quit)
Aiming: Throw Flame
Press: ? - help, Shift-Dir - straight line, f/p - orc
Aim: an orc, wearing a leather armour (severely wounded)
The puff of flame hits the orc.
You kill the orc!
Evoke which item? (* to show all) (? for menu, Esc to quit)
Aiming: Throw Flame
Press: ? - help, Shift-Dir - straight line, f - orc wizard
Aim: an orc wizard, wielding a dagger and wearing a robe (almost dead, heavily drained)
The puff of flame misses the orc wizard.
The orc wizard gestures at you while chanting.
The magic dart hits you!
You die...

##8# #. #.# # ####. #.#
#.... ### #.#### ##...
...### #..... #...
...###...# ##... .
#.##..######## #....
....####.............##.##.
......).)o@).### #....###
.........###...#######..###
....###### ###.............
... ##....####.... .
#............ #....#.######
#....#.# #... #....#.# #.##
####.#.###.##


You could see an orc wizard.

Vanquished Creatures
  The ghost of SnubMonkey the Skirmisher, an amateur OgHu (D:4)
  A necrophage (D:4)
  Blork the orc (D:4)
  A worker ant (D:4)
  A gnoll (D:2)
  6 adders
  2 oozes
  An adder skeleton (D:4)
  2 dart slugs
  A leopard gecko (D:3)
  10 orcs
  2 giant cockroaches
  5 goblins
  8 hobgoblins
  4 jackals (D:3)
  7 kobolds
  7 bats
  A frilled lizard (D:1)
  7 rats
68 creatures vanquished.

Vanquished Creatures (collateral kills)
  A bat (D:2)
1 creature vanquished.

Vanquished Creatures (others)
  3 gnolls (D:2)
3 creatures vanquished.

Grand Total: 72 creatures vanquished

Notes
Turn   | Place    | Note
-------+----------+-------------------------------------------
     0 | D:1      | NullDivider the Spriggan Artificer began the quest for the Orb.
     0 | D:1      | Reached XP level 1. HP: 9/9 MP: 4/4
   536 | D:1      | Reached XP level 2. HP: 13/14 MP: 6/6
   935 | D:1      | Reached skill level 1 in Fighting
  1584 | D:2      | Found an ornate altar of the Wu Jian Council.
  1702 | D:2      | Reached XP level 3. HP: 10/18 MP: 7/7
  2231 | D:2      | Gained mutation: Your magical capacity is low. (-10% MP) [potion of mutation]
  2231 | D:2      | Gained mutation: You are dopey. (Int -2) [potion of mutation]
  2231 | D:2      | Gained mutation: You are frail. (-10% HP) [potion of mutation]
  2231 | D:2      | Gained mutation: You are partially covered in thin metallic scales. (AC +2) [potion of mutation]
  2588 | D:2      | Lost mutation: Your magical capacity is low. (-10% MP) [potion of mutation]
  2588 | D:2      | Lost mutation: You are frail. (-10% HP) [potion of mutation]
  2588 | D:2      | Lost mutation: You are dopey. (Int -2) [potion of mutation]
  2588 | D:2      | Gained mutation: Armour fits poorly on your strangely shaped body. [potion of mutation]
  2588 | D:2      | Gained mutation: Your mind is acute. (Int +2) [potion of mutation]
  2709 | D:2      | Found a faded altar of an unknown god.
  2968 | D:3      | Reached XP level 4. HP: 23/23 MP: 8/8
  3382 | D:3      | Found a radiant altar of Vehumet.
  3830 | D:4      | Found a shimmering altar of Xom.
  3855 | D:4      | Noticed a necrophage
  3883 | D:4      | Killed a necrophage
  3883 | D:4      | Reached XP level 5. HP: 27/27 MP: 9/9
  3900 | D:4      | Noticed SnubMonkey's ghost (amateur OgHu)
  3937 | D:4      | Killed SnubMonkey's ghost
  3937 | D:4      | Reached skill level 5 in Dodging
  3937 | D:4      | Reached skill level 5 in Stealth
  3937 | D:4      | Reached XP level 6. HP: 28/32 MP: 10/10
  4082 | D:4      | Noticed Blork the orc
  4101 | D:4      | Killed Blork the orc
  4101 | D:4      | Reached XP level 7. HP: 34/37 MP: 11/11
  4133 | D:4      | Killed from afar by an orc wizard

Skill      XL: |  1  2  3  4  5 |
---------------+----------------+-----
Stealth        | 2 3 4 5 |  5.5
Fighting       | 1 2 3 |  3.8
Short Blades   | 2 3 |  3.7
Dodging        | 4 5 |  5.8
Evocations     | |  4.1

Action                   |  1- 3 |  4- 6 |  7- 9 || total
-------------------------+-------+-------+-------++-------
Melee: Short sword       |   145 |   126 |    13 ||   284
Evoke: Wand              |     3 |    26 |     3 ||    32
  Use: Potion            |     5 |       |       ||     5
       Scroll            |       |     5 |       ||     5
 Stab: Sleeping          |     6 |     6 |       ||    12
       Distracted        |     1 |       |       ||     1
Armor: Robe              |    13 |    14 |     1 ||    28
Dodge: Dodged            |   109 |   107 |    11 ||   227
